 Dungeon Crawl Stone Soup version 0.28-a0-773-g130ae17fe5 (webtiles) character file.

Game seed: 14849477571768520119

129 Essalna the Firebug (level 5, -23/28 HPs)
             Began as a Gargoyle Fire Elementalist on Nov 2, 2021.
             Killed by an exploding ogre (24 damage)
             ... ignited by their inner flame
             ... on level 6 of the Dungeon.
             The game lasted 00:07:56 (3793 turns).

Essalna the Firebug (Gargoyle Fire Elementalist)    Turns: 3793, Time: 00:07:57

Health: -23/28     AC: 11    Str: 11    XL:     5   Next: 12%
Magic:  9/9        EV: 15    Int: 17    God:
Gold:   234        SH:  0    Dex: 10    Spells: 7/10 levels left

rFire   . . .      SeeInvis .   h - +0 dagger
rCold   . . .      Faith    .   (no shield)
rNeg    + . .      Spirit   .   a - +0 robe
rPois   ∞          Reflect  .   i - +0 helmet
rElec   +          Harm     .   f - +0 cloak
rCorr   .          Rampage  .   c - +0 pair of gloves
Will    .....                   j - +1 pair of boots
Stlth   ++........              (no amulet)
HPRegen 0.09/turn               m - +4 ring of evasion
MPRegen 0.11/turn               (no ring)

@: no status effects
A: sickness immunity, AC +4, negative energy resistance 1, electricity
resistance, torment resistance 1, petrification resistance
a: no special abilities


You were on level 6 of the Dungeon.
You visited 1 branch of the dungeon, and saw 6 of its levels.

You collected 234 gold pieces.

Inventory:

Hand Weapons
 h - a +0 dagger (weapon)
Armour
 a - a +0 robe (worn)
 c - a +0 pair of gloves (worn)
 f - a +0 cloak (worn)
 i - a +0 helmet (worn)
 j - a +1 pair of boots (worn)
Magical Staves
 q - a staff of cold
Jewellery
 m - a +4 ring of evasion (left hand)
 r - a ring of flight
Scrolls
 g - a scroll of identify
Potions
 b - a potion of mutation
 e - 3 potions of curing {unknown}
 k - a potion of invisibility {unknown}
 n - a potion of attraction {unknown}


   Skills:
 - Level 1.5 Dodging
 - Level 2.1 Stealth
 + Level 3.1 Spellcasting
 + Level 3.1 Conjurations
 + Level 4.0 Fire Magic


You had 7 spell levels left.
You knew the following spells:

 Your Spells              Type           Power      Damage    Failure   Level
a - Foxfire               Conj/Fire      56%        2x1d6     4%          1
b - Scorch                Fire           32%        2d6       4%          2

Your spell library contained the following spells:

 Spells                   Type           Power      Damage    Failure   Level
 Conjure Flame            Conj/Fire      14%        6-21      12%         3
 Inner Flame              Hex/Fire       9%         N/A       22%         3
 Flame Wave               Conj/Fire      14%        3d5       36%         4


Dungeon Overview and Level Annotations

Branches:
Dungeon (7/15)
 Temple: D:4-7

Altars:
Fedhas
Makhleb
Okawaru
Yredelemnul

Shops:
D:2 *


Innate Abilities, Weirdness & Mutations

You are immune to sickness and miasma.
Your stone body is resilient. (AC +4)
You are immune to poison.
You resist negative energy. (rN+)
You are resistant to electric shocks. (rElec)
You are resistant to unholy torment.
You are immune to petrification.


Message History

The hound completely misses you. The hound bites you.
The howler monkey hoots and howls with incredible vigour!
The ogre hits you with a +0 giant club!
* * * LOW HITPOINT WARNING * * *
You hear a shout! x6
The hound misses you. x2
The howler monkey hits you but does no damage.
You hit the ogre.
Flame seeps out of the ogre.
The ogre is lightly wounded.
The ogre is engulfed in blazing flames.
Flame seeps out of the ogre.
The ogre misses you. The hound bites you.
* * * LOW HITPOINT WARNING * * *
The hound completely misses you.
The howler monkey hoots and howls with incredible vigour! x2
The howler monkey misses you.
You hear a shout!
The ogre shouts!
You hit the ogre.
Flame seeps out of the ogre.
The ogre is heavily wounded.
The hound barely misses you. x2
The howler monkey hoots and howls with incredible vigour!
The howler monkey closely misses you.
The ogre is engulfed in blazing flames.
Flame seeps out of the ogre.
The ogre misses you. The howler monkey closely misses you.
The hound barely misses you.
The howler monkey hoots and howls with incredible vigour!
The hound bites you but does no damage.
You hear a shout! x4
You hit the ogre.
Flame seeps out of the ogre.
The ogre is almost dead.
The howler monkey closely misses you. The hound closely misses you.
The howler monkey closely misses you. The hound closely misses you.
The hound pauses to sniff the ground.
The ogre is engulfed in blazing flames.
The ogre explodes!
The fiery explosion engulfs the hound!!!
The fiery explosion engulfs the hound!!
The fiery explosion engulfs the howler monkey!!
The fiery explosion engulfs you!!
Ouch! That really hurt!
You die...

###################
......h§@h.P......#
...P..h§°§........#
≈≈≈≈≈≈≈§≈§≈≈≈≈....#
≈≈≈≈≈≈≈≈≈≈≈≈≈≈....#
≈≈≈h≈≈≈#####≈≈....#
....hhh#.oO#≈≈....#
########...#≈≈....#
#'###≈≈....#
#o#.≈≈≈....#


You could see a warg (inner flame), an ogre, 4 howler monkeys, 2 hounds and an
orc.

Vanquished Creatures
  An ogre (D:6)
  A howler monkey (D:6)
  2 hounds (D:6)
  5 gnolls
  An adder (D:3)
  An ufetubus (D:4)
  2 dart slugs
  An orc (D:3)
  5 ball pythons
  4 bats
  5 endoplasms
  12 giant cockroaches
  4 goblins
  4 hobgoblins
  2 jackals (D:1)
  3 quokkas
  A kobold (D:2)
  6 rats
60 creatures vanquished.

Vanquished Creatures (collateral kills)
  A foxfire (D:1)
1 creature vanquished.

Vanquished Creatures (others)
  210 foxfires
210 creatures vanquished.

Grand Total: 271 creatures vanquished

Notes
Turn   | Place    | Note
-------+----------+-------------------------------------------
     0 | D:1      | Essalna the Gargoyle Fire Elementalist began the quest for
                  | the Orb.
     0 | D:1      | Reached XP level 1. HP: 10/10 MP: 3/3
   373 | D:2      | Reached XP level 2. HP: 13/15 MP: 1/5
   688 | D:2      | Found Xijaicra's General Store.
   701 | D:2      | Found a basalt altar of Yredelemnul.
   828 | D:2      | Reached XP level 3. HP: 19/19 MP: 0/6
  2064 | D:1      | Found a faded altar of an unknown god.
  2069 | D:1      | Reached XP level 4. HP: 6/24 MP: 6/8
  2427 | D:3      | Learned a level 2 spell: Scorch
  2494 | D:3      | Found an iron altar of Okawaru.
  2699 | D:3      | Found a blossoming altar of Fedhas.
  2804 | D:3      | Found a burning altar of Makhleb.
  3166 | D:3      | Reached skill level 4 in Fire Magic
  3166 | D:3      | Reached XP level 5. HP: 19/28 MP: 2/9
  3736 | D:4      | You fall into a shaft and drop 3 floors!
  3744 | D:6      | Noticed an ogre
  3748 | D:6      | Noticed an ogre
  3781 | D:6      | Noticed a warg
  3781 | D:6      | Noticed an ogre
  3791 | D:6      | HP: 1/28 [hound (2)]
  3791 | D:6      | Noticed an ogre
  3793 | D:6      | Killed an ogre
  3793 | D:6      | Killed by an exploding ogre... ignited by their inner flame

Illustrated notes

Levels and vault maps discovered:
D:1:      wander_arrival_peaceful_grave, layout_rooms,
          chequers_ecumenical_altar_lobes, minmay_split_cup_small
D:2:      minmay_roachtagon, layout_basic, serial_shops, shop_fountains,
          basic_altar
D:3:      layout_basic, okawaru_ov_weapons_minmay,
          nicolae_overflow_hidden_temple, mainiacjoe_overflow_catwalk,
          minivault_25
D:4:      layout_rooms, kennysheep_little_box, serial_shops, shop
D:6:      lemuel_castle_with_subvaults [lemuel_castle_interior_carwin_1],
          layout_basic, kennysheep_nondescript, minmay_door_square
D:7:      layout_basic, tso_altar, tgw_kikubaaqudgha,
          gammafunk_temple_overflow_wave, uniq_pikel

Skill      XL: |  1  2  3  4 |
---------------+-------------+-----
Conjurations   | 2 3 |  3.1
Spellcasting   | 3 |  3.1
Fire Magic     | 4 |  4.0
Dodging        | |  1.5
Stealth        | |  2.1

Action                   |  1- 3 |  4- 6 || total
-------------------------+-------+-------++-------
Melee: Unarmed           |    54 |       ||    54
       Dagger            |     5 |     8 ||    13
 Cast: Foxfire           |    79 |    46 ||   125
       Scorch            |       |    10 ||    10
  Use: Scroll            |       |     5 ||     5
Armor: Robe              |    26 |     7 ||    33
Dodge: Dodged            |    42 |    27 ||    69

Table legend: (Time is in decaauts)
 A = Elapsed time spent in this place.
 B = Non-inter-level travel time spent in this place.
 C = Inter-level travel time spent in this place.
 D = Time resting spent in this place.
 E = Time spent auto-exploring this place.
 F = Levels seen in this place.
 G = Mean time per level.
                   A        B        C        D        E       F      G
               +--------+--------+--------+--------+--------+-----+--------+
         Total |   3794 |   3675 |    119 |    181 |   2971 |   6 |  632.3 |
       Dungeon |   3794 |   3675 |    119 |    181 |   2971 |   6 |  632.3 |
               +--------+--------+--------+--------+--------+-----+--------+

Top non-repeatable levels by time:
     D:2: 1377 daAuts
     D:1: 1157 daAuts
     D:3: 1095 daAuts
     D:4: 107 daAuts
     D:6: 48 daAuts
     D:7: 7 daAuts
